 Dungeon Crawl Stone Soup version 0.26-a0-597-gb535b0901c (webtiles) character file.

Game seed: 14236230147708555061

993 Alarkh the Grappler (level 7, -1/50 HPs)
             Began as a Demonspawn Gladiator on Sept 12, 2020.
             Slain by a sky beast (4 damage)
             ... on level 5 of the Dungeon.
             The game lasted 00:07:00 (5774 turns).

Alarkh the Grappler (Demonspawn Gladiator)          Turns: 5774, Time: 00:07:00

Health: -1/50      AC:  3    Str: 13 (15) XL:     7   Next: 98%
Magic:  0/15       EV: 12    Int: 12 (13) God:
Gold:   273        SH:  5    Dex: 14      Spells: 6/6 levels left

rFire    . . .     SeeInvis .     - Unarmed
rCold    . . .     Faith    .   (no shield)
rNeg     . . .     Spirit   +   a - +0 leather armour
rPois    .         Reflect  +   (no helmet)
rElec    .         Harm     .   (no cloak)
rCorr    .                      (no gloves)
MR       .....                  (no boots)
Stlth    +.........             y - amulet of reflection
HPRegen  0.16/turn              h - ring of flight
MPRegen  0.14/turn              o - ring of magical power

@: no status effects
A: talons 1, low mp 1, sense surroundings 1, powered by death 1, screaming 1,
wild magic 1, magic shield, big brain 1
a: Evoke Flight


You were on level 5 of the Dungeon.
You visited 1 branch of the dungeon, and saw 5 of its levels.

You collected 273 gold pieces.

Inventory:

Missiles
 c - 3 throwing nets (quivered)
Armour
 a - a +0 leather armour (worn)
 b - a +0 helmet
Magical Staves
 t - an uncursed staff of air
Jewellery
 h - a ring of flight (left hand)
 o - a ring of magical power (right hand)
 p - an uncursed ring of wizardry
 y - an amulet of reflection (around neck)
Scrolls
 e - a scroll of fog {unknown}
 f - 2 scrolls of remove curse {unknown}
 g - 2 scrolls of noise {unknown}
 i - a scroll of enchant weapon {unknown}
 j - a scroll of fear {unknown}
 k - a scroll of amnesia {unknown}
 l - 2 scrolls of teleportation {unknown}
 m - 5 scrolls of identify {unknown}
 x - a scroll of immolation {unknown}
Potions
 d - a potion of haste
 v - a potion of curing {unknown}
 z - a potion of magic {unknown}


   Skills:
 - Level 2.0 Fighting
 - Level 1.7 Throwing
 - Level 2.6 Dodging
 + Level 8.9 Unarmed Combat


You had 6 spell levels left.
You didn't know any spells.
Your spell library contained the following spells:

 Spells                   Type           Power        Failure   Level
 Beastly Appendage        Tmut           #.....       47%         1


Dungeon Overview and Level Annotations

Branches:
Dungeon (5/15)
 Temple: D:4-7

Altars:
Dithmenos
Makhleb
Ru
Sif Muna
Vehumet
Xom


Innate Abilities, Weirdness & Mutations

You have sharp toenails.
You regenerate a little health from kills.
When hurt, damage is shared between your health and your magic reserves.
You have an unusually large brain. (Int +2)
Your magical capacity is low. (-10% MP)
You passively map a small area around you.
You occasionally shout uncontrollably at your foes.
Your spells are a little harder to cast, but a little more powerful.


Message History

The sky beast is heavily wounded.
The sky beast hits you but does no damage.
You closely miss the sky beast. Your kick misses the sky beast.
The sky beast is heavily wounded.
You block the sky beast's attack.
You punch the sky beast! You claw the sky beast.
The sky beast is severely wounded.
The sky beast hits you.
* * * LOW HITPOINT WARNING * * *
The sky beast shocks you.
* * * LOW HITPOINT WARNING * * *
You miss the sky beast. Your kick misses the sky beast.
The sky beast is severely wounded.
The sky beast closely misses you.
You closely miss the sky beast. Your kick misses the sky beast.
The sky beast is severely wounded.
The sky beast hits you.
* * * LOW HITPOINT WARNING * * *
The sky beast shocks you.
You die...

#. *#.# ##....########..#####
.. *#.# #..###.........# .
#.#### #..###.###..#### *
#....###....>.# #.##
####..##.#.)### #.# * *
##.......# #.o...... #..###.<#
#.g...... .# ###..# ##Y#*
##........
.#######....####@#........og..
.#.........###.....# #........
.#...#####.....##...##.Y......
....* #.#.###*.#.##........
.#.# #.#.# .#... , .#.#
#.#.####....## > )..#
#.........#.# *
)..#######...####.##.# ,
.............# #
)##.########.#


You could see a sky beast.

Vanquished Creatures
  2 sky beasts (D:5)
  An ice beast (D:4)
  An ogre (D:4)
  A scorpion (D:5)
  4 hounds (D:4)
  3 orc priests
  4 orc wizards
  An iguana (D:5)
  2 hound skeletons
  Robin (D:2)
  4 gnolls
  2 adders (D:5)
  A white imp (D:5)
  2 oozes
  An adder zombie (D:3)
  An adder skeleton (D:4)
  3 worms
  2 dart slugs (D:2)
  A leopard gecko (D:4)
  19 orcs
  5 giant cockroaches
  6 hobgoblins
  3 kobolds (D:1)
  A quokka (D:3)
  A ball python (D:2)
  7 bats
  12 frilled lizards
  25 goblins
  A quokka skeleton (D:4)
  A rat (D:1)
  A bush (D:2)
119 creatures vanquished.

Vanquished Creatures (others)
  An ogre (D:4)
  A scorpion (D:4)
  A hound (D:4)
  2 worker ants (D:4)
  An orc (D:4)
  A quokka skeleton (D:4)
  2 plants (D:2)
9 creatures vanquished.

Grand Total: 128 creatures vanquished

Notes
Turn   | Place    | Note
-------+----------+-------------------------------------------
     0 | D:1      | Alarkh the Demonspawn Gladiator began the quest for the
                  | Orb.
     0 | D:1      | Reached XP level 1. HP: 16/16 MP: 1/1
   195 | D:1      | Reached skill level 3 in Unarmed Combat
   369 | D:1      | Gained mutation: You regenerate a little health from kills.
                  | [demonic ancestry]
   369 | D:1      | Reached XP level 2. HP: 17/22 MP: 2/2
   862 | D:1      | Reached XP level 3. HP: 22/27 MP: 3/3
   870 | D:2      | Noticed Robin
  1092 | D:2      | Reached skill level 4 in Unarmed Combat
  1206 | D:2      | You fall into a shaft and drop 2 floors!
  1216 | D:4      | Gained mutation: When hurt, damage is shared between your
                  | health and your magic reserves. [demonic ancestry]
  1216 | D:4      | Reached XP level 4. HP: 33/33 MP: 4/4
  1224 | D:2      | Found a burning altar of Makhleb.
  1224 | D:2      | Found a radiant altar of Vehumet.
  1553 | D:2      | Killed Robin
  1885 | D:2      | Found a shadowy altar of Dithmenos.
  1982 | D:2      | Reached skill level 5 in Unarmed Combat
  2483 | D:3      | Found a sacrificial altar of Ru.
  2973 | D:4      | Killed an ogre
  3070 | D:4      | Reached XP level 5. HP: 9/38 MP: 1/5
  3431 | D:4      | Found a shimmering altar of Xom.
  3432 | D:4      | Noticed an ogre
  3437 | D:4      | Gained mutation: You are dopey. (Int -2) [potion of
                  | mutation]
  3437 | D:4      | Gained mutation: You are weak. (Str -2) [potion of
                  | mutation]
  3437 | D:4      | Gained mutation: You have a pair of small horns on your
                  | head. [potion of mutation]
  3437 | D:4      | Gained mutation: You passively map a small area around you.
                  | [potion of mutation]
  3442 | D:4      | HP: 1/38 [ogre/+0 giant club (20)]
  3554 | D:4      | Killed an ogre
  3554 | D:4      | Reached skill level 6 in Unarmed Combat
  3760 | D:4      | Gained mutation: You have sharp toenails. [demonic
                  | ancestry]
  3760 | D:4      | Reached XP level 6. HP: 37/44 MP: 3/6
  4307 | D:4      | Found a shimmering blue altar of Sif Muna.
  4326 | D:4      | Identified Sif Muna's Compendium of Limited Liability
  4339 | D:4      | Reached skill level 7 in Unarmed Combat
  4582 | D:5      | Entered Level 5 of the Dungeon
  4587 | D:5      | Noticed a sky beast
  4600 | D:5      | Killed a sky beast
  4600 | D:5      | Gained mutation: You have an unusually large brain. (Int
                  | +2) [demonic ancestry]
  4600 | D:5      | Reached XP level 7. HP: 8/50 MP: 3/7
  4978 | D:5      | Lost mutation: You are dopey. (Int -2) [potion of mutation]
  4978 | D:5      | Lost mutation: You have a pair of small horns on your head.
                  | [potion of mutation]
  4978 | D:5      | Lost mutation: You are weak. (Str -2) [potion of mutation]
  4978 | D:5      | Gained mutation: Your magical capacity is low. (-10% MP)
                  | [potion of mutation]
  4978 | D:5      | Gained mutation: You occasionally shout uncontrollably at
                  | your foes. [potion of mutation]
  4978 | D:5      | Gained mutation: Your spells are a little harder to cast,
                  | but a little more powerful. [potion of mutation]
  5161 | D:5      | HP: 2/50 [something/magic dart (8)]
  5165 | D:5      | Reached skill level 8 in Unarmed Combat
  5774 | D:5      | Slain by a sky beast

Illustrated notes

Levels and vault maps discovered:
D:1:      evilmike_arrival_rings, layout_basic
D:2:      kennysheep_the_goblin_king, layout_loops_cross,
          nicolae_overflow_hidden_temple,
          nicolae_dithmenos_through_a_glass_darkly, serial_forest,
          infiniplex_forest_clump_tiny, infiniplex_forest_lined_room_3,
          infiniplex_forest_clump_medium, infiniplex_forest_clump_diagonal,
          infiniplex_forest_lined_room_, infiniplex_forest_join,
          infiniplex_forest_straight_4, uniq_robin
D:3:      layout_basic, nicolae_ru_awakened_eye
D:4:      minmay_bubble_buster, layout_loops_ring, led_sif_book,
          xom_confusion_cloud
D:5:      layout_rooms, uniq_sigmund, uniq_edmund

Skill      XL: |  1  2  3  4  5  6  7 |
---------------+----------------------+-----
Unarmed Combat | 3 4 5 6 7 8 |  8.9
Fighting       | |  2.0
Throwing       | |  1.7
Dodging        | |  2.6

Action                   |  1- 3 |  4- 6 |  7- 9 || total
-------------------------+-------+-------+-------++-------
Melee: Unarmed           |   113 |   409 |   112 ||   634
       Punch             |     1 |    13 |     2 ||    16
       Headbutt          |       |    15 |     1 ||    16
       Kick              |       |    17 |    31 ||    48
 Abil: Evoke Flight      |       |     2 |       ||     2
  Use: Potion            |       |     5 |     6 ||    11
 Stab: Sleeping          |       |     2 |       ||     2
Armor: Leather armour    |    45 |    47 |    17 ||   109
       Skin              |       |    10 |       ||    10
Dodge: Dodged            |    93 |   133 |    33 ||   259
Block: Other             |       |       |    21 ||    21

Table legend: (Time is in decaauts)
 A = Elapsed time spent in this place.
 B = Non-inter-level travel time spent in this place.
 C = Inter-level travel time spent in this place.
 D = Time resting spent in this place.
 E = Time spent auto-exploring this place.
 F = Levels seen in this place.
 G = Mean time per level.
                   A        B        C        D        E       F      G
               +--------+--------+--------+--------+--------+-----+--------+
         Total |   5725 |   5532 |    193 |   1179 |   3285 |   5 | 1145.0 |
       Dungeon |   5725 |   5532 |    193 |   1179 |   3285 |   5 | 1145.0 |
               +--------+--------+--------+--------+--------+-----+--------+

Top non-repeatable levels by time:
     D:4: 1880 daAuts
     D:2: 1036 daAuts
     D:1: 1011 daAuts
     D:5: 936 daAuts
     D:3: 861 daAuts
